 Dungeon Crawl Stone Soup version 0.17-a0-1403-g9df874c (webtiles) character file.

48 Phipi42 the Sneak (level 3, 0/27 HPs)
             Began as a Spriggan Assassin on June 20, 2015.
             Slain by a giant cockroach (1 damage)
             ... on level 2 of the Dungeon.
             The game lasted 00:12:16 (1239 turns).

Phipi42 the Sneak (Spriggan Assassin)               Turns: 1239, Time: 00:12:17

Health: 0/27       AC: 21    Str:  7    XL:     3   Next: 50%
Magic:  3/3        EV:  4    Int: 12    God:
Gold:   71         SH:  0    Dex: 18    Spells: 0 memorised, 2 levels left

rFire  . . .     SeeInvis +     a - +2 dagger
rCold  . . .     Clarity  .     (armour currently unavailable)
rNeg   + + +     SustAt   .     (shield restricted)
rPois  +         Gourm    .     (helmet currently unavailable)
rElec  .         Spirit   .     (cloak currently unavailable)
rCorr  .         Warding  .     (gloves unavailable)
rMut   .         NoTele   +     (boots unavailable)
MR     .....                    (no amulet)
Stlth  ++++++....               (no ring)
                                (no ring)

@: tree-form, drained, not resistant to hostile enchantments, very stealthy
A: unfitting armour, (icy blue scales 0), see invisible, (fire resistance 0),
herbivore 3, (speed 0), low mp 1, slow metabolism 2
a: no special abilities


You were on level 2 of the Dungeon.
You were not hungry.
You were a tree.
You visited 1 branch of the dungeon, and saw 2 of its levels.

You collected 71 gold pieces.

Inventory:

Hand weapons
 a - a +2 dagger (weapon)
 b - a +0 blowgun
 h - a +0 dagger
 j - a +0 dagger
 r - a +1 dagger of electrocution
Missiles
 e - 23 poisoned needles
 f - 2 curare-tipped needles
 k - 11 poisoned arrows
 m - 5 silver tomahawks (quivered)
 o - 9 bolts of frost
Armour
 c - a +0 robe (melded)
 d - a +0 cloak (melded)
 l - a +0 leather armour
Potions
 i - a potion of agility {unknown}
 n - a potion of magic {unknown}
Comestibles
 g - a bread ration


   Skills:
 + Level 1.7(1.6) Fighting
 + Level 2.5(2.4) Short Blades
 + Level 2.2(2.1) Throwing
 + Level 2.0(1.9) Dodging
 + Level 7.4(7.3) Stealth


You had 2 spell levels left.
You didn't know any spells.

Dungeon Overview and Level Annotations

Branches:
Dungeon (2/15)

Altars:

Annotations:
D:2 Robin


Innate Abilities, Weirdness & Mutations

You are tiny and cannot use many weapons and most armour.
You have supernaturally acute eyesight.
You are a herbivore.
((You cover ground extremely quickly.))
You need consume almost no food.
((You are partially covered in icy blue scales (AC +1).))
((Your flesh is heat resistant.))
Your magical capacity is low (-10% MP).


Message History

The giant cockroach bites you but does no damage.
The goblin hits you.
* * * LOW HITPOINT WARNING * * *
The goblin hits you but does no damage.
You barely miss the giant cockroach.
The giant cockroach is severely wounded.
The giant cockroach barely misses you. The goblin hits you.
* * * LOW HITPOINT WARNING * * *
The giant cockroach bites you but does no damage.
You closely miss the giant cockroach.
The giant cockroach is severely wounded.
The goblin hits you but does no damage. x2
You hit the giant cockroach but do no damage.
The giant cockroach is severely wounded.
The giant cockroach barely misses you. The goblin barely misses you.
The goblin hits you but does no damage.
You hit the giant cockroach but do no damage.
The giant cockroach is severely wounded.
The giant cockroach bites you.
You die...

+...+ #...#
#...# #..(#
##### #...#
##...###...#
##.....##...#
#.g.....#...#
#♣s...).'...+
#.g.....#...#
##.....##...#
##...###...#
##### #...#
##...###g..#
##..)..##.[.#
#.......#.(.#
#.......'g..+


You could see a giant cockroach and 2 goblins.

Vanquished Creatures
  A gnoll (D:1)
  An ooze (D:1)
  A ball python (D:1)
  4 bats (D:1)
  7 goblins
  8 hobgoblins
  2 jackals (D:1)
  A giant newt (D:2)
  4 kobolds
  2 rats (D:1)
31 creatures vanquished.

Notes
Turn   | Place    | Note
--------------------------------------------------------------
     0 | D:1      | Phipi42 the Spriggan Assassin began the quest for the Orb.
     0 | D:1      | Reached XP level 1. HP: 10/10 MP: 2/2
    38 | D:1      | Reached skill level 6 in Stealth
   210 | D:1      | Reached XP level 2. HP: 14/14 MP: 3/3
   862 | D:1      | Reached skill level 7 in Stealth
   862 | D:1      | Reached XP level 3. HP: 16/18 MP: 4/4
  1147 | D:1      | You fall through a shaft!
  1185 | D:2      | Noticed Robin
  1226 | D:2      | Gained mutation: Your magical capacity is low (-10% MP). [potion of mutation]
  1226 | D:2      | Gained mutation: Your flesh is heat resistant. [potion of mutation]
  1226 | D:2      | Gained mutation: You are partially covered in icy blue scales (AC +1). [potion of mutation]
  1236 | D:2      | HP: 1/27 [goblin[Robin] (1)]
  1239 | D:2      | Slain by a giant cockroach

Vault maps used:
D:1:      minmay_arrival_pointy
D:2:      kennysheep_six_static_rooms, lemuel_doored_altar,
          gammafunk_temple_overflow_elements, first_bread, uniq_jessica,
          uniq_robin

Action                   || total
-------------------------++-------
Melee: Dagger            ||    90
 Fire: Blowgun           ||     3
  Use: Scroll            ||     5
       Potion            ||     4
 Stab: Sleeping          ||     7
